 Dungeon Crawl Stone Soup version 0.28.0-53-g5a82cb258f (webtiles) character file.

Game seed: 17180158586984009410

133406 nekomimirex the Warrior (level 17, -2/117 HPs)
             Began as a Gargoyle Fighter on June 29, 2022.
             Was the Champion of Okawaru.
             Blown up by an orb spider (61 damage)
             ... with an orb of destruction
             ... on level 4 of the Spider Nest.
             The game lasted 02:17:05 (32799 turns).

nekomimirex the Warrior (Gargoyle Fighter)         Turns: 32799, Time: 02:17:06

Health: -2/117     AC: 35    Str: 32    XL:     17   Next: 14%
Magic:  33/33      EV: 14    Int:  8    God:    Okawaru [******]
Gold:   1709       SH:  9    Dex: 17    Spells: 16/16 levels left

rFire   + . .      SeeInvis +   y - +0 flail (venom)
rCold   + + +      Faith    .   S - +2 buckler
rNeg    + + +      Spirit   .   W - +1 plate armour "Xunyeriun" {Contam rC+ rN+++}
rPois   ∞          Reflect  .   p - +0 mask of the Dragon {Will+ Slay+3 SInv}
rElec   +          Harm     .   Z - +0 cloak "Kapurobb" {rC+}
rCorr   .          Rampage  .   n - +1 pair of gloves {Stlth+}
Will    ++...                   r - +0 pair of boots "Luagoonu" {rElec MP+9 Str+7 Int-2}
Stlth   ..........              f - amulet "Toodiv" {rC+ Regen+ Stlth+}
HPRegen 1.09/turn               i - ring of protection from fire
MPRegen 0.23/turn               O - ring of Dutwir {rN+ Dex+6}

@: flying, studying Dodging
A: sickness immunity, AC +12, big wings, negative energy resistance 1,
electricity resistance, torment resistance 1, petrification resistance
a: Renounce Religion, Heroism, Finesse, Duel


You were on level 4 of the Spider Nest.
You worshipped Okawaru.
Okawaru was exalted by your worship.
You visited 5 branches of the dungeon, and saw 28 of its levels.
You also visited: Ossuary and Gauntlet.

You collected 3223 gold pieces.
You spent 1514 gold pieces at shops.

Inventory:

Hand Weapons
 v - the +6 morningstar "Zikizeef" {vorpal, MP+9 Int+2}
   (Okawaru gifted it to you on level 2 of the Orcish Mines)

   It inflicts extra damage upon your enemies.
   Int:       It affects your intelligence (+2).
   MP:        It affects your magic capacity (+9).
 y - a +0 flail of venom (weapon)
 K - a +3 flail of holy wrath
Missiles
 N - 6 throwing nets (quivered)
 R - 11 silver javelins
Armour
 n - a +1 pair of gloves of stealth (worn)
 p - the +0 mask of the Dragon (worn) {Will+ Slay+3 SInv}
   (You found it on level 5 of the Lair of Beasts)

   Slay:      It affects your accuracy & damage with ranged weapons and melee
   (+3).
   SInv:      It lets you see invisible.
   Will:      It increases your willpower.
 r - the +0 pair of boots "Luagoonu" (worn) {rElec MP+9 Str+7 Int-2}
   (Okawaru gifted it to you on level 14 of the Dungeon)

   Str:       It affects your strength (+7).
   Int:       It affects your intelligence (-2).
   rElec:     It insulates you from electricity.
   MP:        It affects your magic capacity (+9).
 S - a +2 buckler (worn)
 W - the +1 plate armour "Xunyeriun" (worn) {Contam rC+ rN+++}
   (Okawaru gifted it to you on level 2 of the Lair of Beasts)

   rC:        It protects you from cold.
   rN:        It renders you almost immune to negative energy.
   Contam:    It causes magical contamination when unequipped.
 Z - the +0 cloak "Kapurobb" (worn) {rC+}
   (Okawaru gifted it to you on level 4 of the Lair of Beasts)

   rC:        It protects you from cold.
Jewellery
 f - the amulet "Toodiv" (around neck) {rC+ Regen+ Stlth+}
   (You bought it in a shop on level 10 of the Dungeon)

   [amulet of regeneration]

   rC:        It protects you from cold.
   Regen:     It increases your rate of health regeneration.
   Stlth:     It makes you more stealthy.
 i - a ring of protection from fire (left hand)
 A - a +4 ring of evasion
 O - the ring of Dutwir (right hand) {rN+ Dex+6}
   (You bought it in a shop on level 11 of the Dungeon)

   [ring of dexterity]

   Dex:       It affects your dexterity (+6).
   rN:        It protects you from negative energy.
 P - a ring of fire
 Y - a ring of willpower
Wands
 k - a wand of digging (19)
 t - a wand of polymorph (3)
 w - a wand of flame (36)
 H - a wand of paralysis (22)
 J - a wand of iceblast (21)
 U - a wand of acid (13)
 V - a wand of mindburst (4)
Scrolls
 b - a scroll of brand weapon {unknown}
 e - 17 scrolls of teleportation
 g - 8 scrolls of immolation
 h - a scroll of torment {unknown}
 j - 4 scrolls of magic mapping
 q - 5 scrolls of fear
 u - a scroll of silence {unknown}
 z - a scroll of holy word
 B - 7 scrolls of blinking
 D - a scroll of enchant weapon
 G - 4 scrolls of fog
 M - a scroll of amnesia
 Q - 2 scrolls of enchant armour
Potions
 a - 5 potions of resistance
 c - a potion of ambrosia {unknown}
 d - 4 potions of might
 l - 9 potions of curing
 m - 4 potions of mutation
 s - 4 potions of attraction
 x - 7 potions of lignification
 C - 3 potions of berserk rage {unknown}
 E - 6 potions of haste
 F - 3 potions of heal wounds
 I - 4 potions of cancellation
 L - 2 potions of invisibility
Miscellaneous
 o - a tin of tremorstones (2/2)


   Skills:
 + Level 17.1 Fighting
 - Level 14.0 Maces & Flails
 - Level 12.4 Armour
 + Level 11.9 Dodging
 - Level 12.4 Shields
 - Level 10.0 Invocations
 - Level 10.0 Evocations


You had 16 spell levels left.
You didn't know any spells.
Your spell library contained the following spells:

 Spells                   Type           Power      Damage    Failure   Level
 Apportation              Tloc           0%         N/A       96%         1
 Sandblast                Erth           0%         2d4       96%         1
 Shock                    Conj/Air       0%         1d3       96%         1
 Sting                    Tmut/Pois      0%         1d3       96%         1
 Blink                    Tloc           0%         N/A       99%         2
 Ensorcelled Hibernation  Hex/Ice        0%         N/A       99%         2
 Passwall                 Tmut/Erth      0%         N/A       99%         2
 Poisonous Vapours        Pois/Air       0%         N/A       99%         2
 Confusing Touch          Hex            0%         N/A       100%        3
 Dazzling Flash           Conj/Hex       0%         N/A       100%        3
 Ozocubu's Armour         Ice            0%         N/A       100%        3
 Portal Projectile        Hex/Tloc       0%         N/A       100%        3
 Stone Arrow              Conj/Erth      0%         3d7       100%        3
 Swiftness                Air            0%         N/A       100%        3
 Airstrike                Air            0%         N/A       100%        4
 Anguish                  Hex/Necr       0%         N/A       100%        4
 Fulminant Prism          Conj/Hex       0%         3d6       100%        4
 Iskenderun's Mystic Bla  Conj/Tloc      0%         2d3       100%        4
 Leda's Liquefaction      Hex/Erth       0%         N/A       100%        4
 Olgreb's Toxic Radiance  Pois           0%         N/A       100%        4
 Petrify                  Tmut/Erth      0%         N/A       100%        4
 Agony                    Necr           0%         N/A       100%        5
 Alistair's Intoxication  Tmut/Pois      0%         N/A       100%        5
 Blade Hands              Tmut           0%         N/A       100%        5
 Borgnjor's Vile Clutch   Necr/Erth      0%         N/A       100%        5
 Excruciating Wounds      Necr           0%         N/A       100%        5
 Lee's Rapid Deconstruct  Erth           0%         3d5*      100%        5
 Manifold Assault         Tloc           0%         N/A       100%        5
 Metabolic Englaciation   Hex/Ice        0%         N/A       100%        5
 Silence                  Hex/Air        0%         N/A       100%        5
 Yara's Violent Unravell  Hex/Tmut       0%         3d3       100%        5
 Eringya's Noxious Bog    Tmut/Pois      0%         N/A       100%        6
 Enfeeble                 Hex            0%         N/A       100%        7
 Storm Form               Tmut/Air       0%         N/A       100%        7
 Tukima's Dance           Hex            Unusable   N/A       N/A         3
 Simulacrum               Ice/Necr       Unusable   N/A       N/A         6
 Statue Form              Tmut/Erth      Unusable   N/A       N/A         6

Dungeon Overview and Level Annotations

Branches:
Dungeon (15/15)            Temple (1/1) D:5            Lair (6/6) D:10
 Shoals (0/4) Lair:3       Spider (4/4) Lair:2        Slime (0/5) Lair:6
    Orc (2/2) D:10            Elf (0/3) Orc:2        Vaults (0/5) D:14
 Depths (0/4) D:15        Ossuary (visited)         Gauntlet (visited)

Altars:
Ashenzari
Cheibriados
Dithmenos
Elyvilon
Fedhas
Gozag
Hepliaklqana
Kikubaaqudgha
Makhleb
Nemelex Xobeh
Okawaru
Qazlal
Ru
Sif Muna
Trog
Uskayaw
Vehumet
Wu Jian
Xom
Yredelemnul
Zin
The Shining One
Jiyva

Shops:
D:10 =   D:11 =   D:13 (   Orc:2 ::[=(

Portals:
Abyss: D:5
Trove: D:10 (give 7 potions of haste)


Innate Abilities, Weirdness & Mutations

You are immune to sickness and miasma.
Your stone body is resilient. (AC +12)
You are immune to poison.
Your large and strong wings let you fly.
You resist negative energy. (rN+)
You are resistant to electric shocks. (rElec)
You are resistant to unholy torment.
You are immune to petrification.


Message History

The redback closely misses you.
You barely miss the redback.
The redback bites you but does no damage.
You closely miss the redback. You block the redback's attack.
The redback closely misses you. x2
The orb spider weaves a glowing orb of energy.
An orb of destruction comes into view.
The redback bites you. The redback closely misses you.
You see here a culicivora corpse.
The orb of destruction hits the redback!!!
The redback is blown up!
The orb spider weaves a glowing orb of energy.
An orb of destruction comes into view.
The orb of destruction hits you!!!
The orb spider pulsates with a strange energy.
The orb spider spins a strand of pure energy.
You see here a culicivora corpse.
Things that are here:
a redback corpse; a redback corpse The orb spider weaves a glowing orb of energy.
An orb of destruction comes into view.
Things that are here:
a torpor snail corpse; a culicivora corpse You barely miss the orb spider.
The orb spider is moderately wounded.
You see here a jumping spider corpse.
The orb spider begins to weave its threads into a brightly glowing ball.
You bludgeon the orb spider!!
The orb spider is almost dead.
The orb spider weaves a glowing orb of energy.
The wavering orb of destruction weakly hits you!!
You thump the orb spider!
You kill the orb spider!
Okawaru accepts your kill.
The orb spider weaves a glowing orb of energy.
An orb of destruction comes into view.
You see here an orb spider corpse.
The orb of destruction hits you!!!
Ouch! That really hurt!
You die...

.. .....
..###.....###
...........^##
..^..#......#
#...#......# #
#^^#[....#
###.#..^..☼s.####
.^......†.○......
..#....^@..####
#####...^#
##[††....##
###†...†####
#.†.#####
########..##
..........^#
.......†..##
.#.......##


You could see an orb spider.

Vanquished Creatures
  Nikola (Spider:2)
  Agnes (Spider:2)
  4 emperor scorpions
  4 ghost moths
  A broodmother (Spider:1)
  An ironbound preserver (D:14)
  2 entropy weavers
  A dire elephant (D:15)
  A minotaur (Gauntlet)
  2 spark wasps (Spider:1)
  Fannar (Lair:1)
  5 boulder beetles
  6 hydras
  A centaur warrior (D:14)
  3 jorogumos
  4 two-headed ogres
  A tengu warrior (Gauntlet)
  A hell hog (Gauntlet)
  5 death yaks (Lair:1)
  An orc high priest (Orc:2)
  Urug (Lair:4)
  Sonja (Lair:3)
  A sun moth (Spider:3)
  2 goliath frogs (Lair:6)
  5 pharaoh ants
  2 death drakes (Gauntlet)
  12 orb spiders
  A steelbarb worm (Spider:2)
  2 orc knights
  3 deep elf pyromancers
  9 wolf spiders
  4 orc sorcerers (Orc:2)
  13 ugly things
  2 oklob plants
  A spectral centaur (Gauntlet)
  4 cyclopes
  4 manticores
  3 moths of wrath
  Maurice (Orc:2)
  4 black mambas
  The ghost of Diggabert the Cleaver, a novice HOFi of Qazlal (D:6)
  2 merfolk sirens (Lair:3)
  6 torpor snails
  11 demonic crawlers
  20 cane toads
  5 gargoyles
  2 kobold demonologists
  2 efreet
  A rime drake (Lair:1)
  A freezing wraith (D:15)
  6 komodo dragons
  2 tengu conjurers
  6 trolls
  The ghost of EyeSee2020 the Digger, a novice GrEE (D:5)
  9 meliai
  A polar bear (Lair:3)
  18 tarantellas
  3 tyrant leeches (Lair:6)
  33 blink frogs
  2 merfolk (Lair:3)
  12 slime creatures
  Prince Ribbit (D:9)
  Grinder (D:6)
  20 jumping spiders
  15 culicivoras
  7 spriggans (D:9)
  2 shadows (Gauntlet)
  2 vampires
  A wraith (D:13)
  Eustachio (D:6)
  3 wyverns
  3 basilisks
  4 fire bats (Gauntlet)
  45 yaks
  2 steam dragons
  13 vampire mosquitoes
  Grum (D:9)
  38 redbacks
  Menkaure (D:6)
  Edmund (D:5)
  3 acid dragons
  19 water moccasins
  3 hell hounds (Gauntlet)
  24 orc warriors
  An ice beast (D:7)
  A black bear (D:5)
  A necrophage (D:5)
  3 wolves (D:9)
  3 ogres
  12 centaurs
  A phantom (D:5)
  5 kobold brigands
  21 bullfrogs
  2 gnoll sergeants
  2 scorpions
  2 small abominations (D:5)
  3 killer bees
  A water moccasin skeleton (D:4)
  An electric eel (D:10)
  4 howler monkeys
  13 centaur zombies
  A hound (D:4)
  A gnoll shaman (D:7)
  25 orc priests
  A bullfrog skeleton (D:7)
  A centaur skeleton (D:6)
  2 iguanas
  An iron imp (D:5)
  Ijyb (D:5)
  A scorpion zombie (D:4)
  34 orc wizards
  7 hell rats (Lair:4)
  3 killer bee zombies
  A hound zombie (D:4)
  A hound skeleton (D:4)
  2 howler monkey zombies
  8 mummies (Ossuary)
  16 gnolls
  5 adders
  A howler monkey skeleton (D:4)
  2 white imps (D:5)
  2 adder skeletons
  3 adder zombies (D:4)
  2 worms (D:2)
  64 orcs
  12 ball pythons
  5 endoplasms
  4 giant cockroaches
  8 goblins
  6 hobgoblins
  4 quokkas
  11 bats
  3 frilled lizards
  A gnoll zombie (Ossuary)
  A hobgoblin zombie (Ossuary)
  20 kobolds
  2 kobold zombies (Ossuary)
  4 orc zombies (Ossuary)
  8 rats
825 creatures vanquished.

Vanquished Creatures (others)
  A redback (Spider:4)
  A bullfrog (D:7)
  An orc wizard (D:10)
  A bush (Lair:6)
  8 fungi
  57 plants
  5 withered plants (D:4)
74 creatures vanquished.

Grand Total: 899 creatures vanquished

Notes
Turn   | Place    | Note
-------+----------+-------------------------------------------
     0 | D:1      | nekomimirex the Gargoyle Fighter began the quest for the
                  | Orb.
     0 | D:1      | Reached XP level 1. HP: 14/14 MP: 1/1
   143 | D:1      | Reached XP level 2. HP: 16/19 MP: 2/2
   506 | D:1      | Reached XP level 3. HP: 22/23 MP: 3/3
   631 | D:1      | Found a faded altar of an unknown god.
  1469 | D:2      | Reached XP level 4. HP: 21/29 MP: 4/4
  1649 | D:2      | Reached skill level 4 in Fighting
  2692 | D:3      | Reached XP level 5. HP: 18/34 MP: 5/5
  3773 | D:4      | Found an ornate altar of the Wu Jian Council.
  3822 | D:4      | Reached XP level 6. HP: 22/39 MP: 6/6
  4162 | D:4      | Reached skill level 5 in Maces & Flails
  4171 | D:4      | Reached skill level 5 in Fighting
  5120 | D:4      | Reached XP level 7. HP: 44/44 MP: 7/7
  5225 | D:5      | Entered Level 5 of the Dungeon
  5225 | D:5      | Found a transporter.
  5271 | D:5      | Found a transporter.
  5273 | D:5      | Found a one-way gate to the infinite horrors of the Abyss.
  5547 | D:5      | Noticed EyeSee2020's ghost (novice GrEE)
  5796 | D:5      | Found a staircase to the Ecumenical Temple.
  5805 | Temple   | Entered the Ecumenical Temple
  5897 | Temple   | Became a worshipper of Warmaster Okawaru
  6042 | D:5      | Reached skill level 6 in Fighting
  6166 | D:5      | Noticed Ijyb
  6184 | D:5      | Killed Ijyb
  6421 | D:5      | Reached * piety under Okawaru
  6422 | D:5      | Reached XP level 8. HP: 41/52 MP: 8/8
  6575 | D:5      | Noticed Edmund
  6587 | D:5      | Killed Edmund
  6668 | D:5      | Noticed a kobold demonologist
  6687 | D:5      | Killed a kobold demonologist
  6688 | D:5      | Reached skill level 7 in Fighting
  7200 | D:5      | HP: 2/53 [small abomination (16)]
  7212 | D:5      | Killed EyeSee2020's ghost
  7212 | D:5      | Reached ** piety under Okawaru
  7213 | D:5      | Reached skill level 1 in Invocations
  7213 | D:5      | Reached skill level 1 in Evocations
  7213 | D:5      | Reached XP level 9. HP: 23/57 MP: 8/10
  7647 | D:6      | Noticed Menkaure
  7653 | D:6      | Killed Menkaure
  7669 | D:6      | Found a sand-covered staircase.
  7676 | D:6      | Noticed Grinder
  7680 | D:6      | Paralysed by Grinder for 5 turns
  7692 | D:6      | Paralysed by Grinder for 6 turns
  7701 | D:6      | Killed Grinder
  7750 | Ossuary  | Entered an ossuary
  8049 | D:6      | Found a sparkling altar of Nemelex Xobeh.
  8146 | D:6      | Noticed Eustachio
  8147 | D:6      | Noticed a cyclops
  8422 | D:6      | Killed Eustachio
  8436 | D:6      | Killed a cyclops
  8437 | D:6      | Reached skill level 8 in Fighting
  8437 | D:6      | Reached skill level 5 in Armour
  8437 | D:6      | Reached skill level 5 in Shields
  8707 | D:6      | Found a runed translucent door.
  8711 | D:6      | Noticed Diggabert's ghost (novice HOFi)
  8758 | D:6      | Reached *** piety under Okawaru
  9122 | D:6      | Found a hazy altar of Hepliaklqana.
  9123 | D:6      | Found a shimmering altar of Xom.
  9124 | D:6      | Noticed a spectral ugly thing
  9458 | D:7      | Found a shadowy altar of Dithmenos.
  9466 | D:7      | Identified the +1 ring mail "Ebbel" {MP+9 Int+4}
  9474 | D:7      | Reached XP level 10. HP: 64/64 MP: 12/12
  9966 | D:6      | Killed Diggabert's ghost
  9978 | D:6      | Identified the ring "Ocsuedul" {rF- rN+ Will+ Str+2}
 10361 | D:8      | Reached **** piety under Okawaru
 10863 | D:8      | Found a shimmering blue altar of Sif Muna.
 10898 | D:8      | Found a radiant altar of Vehumet.
 10898 | D:8      | Found a snail-covered altar of Cheibriados.
 11436 | D:9      | Noticed Grum
 11453 | D:9      | Killed Grum
 11453 | D:9      | Received a gift from Okawaru
 11463 | D:9      | Reached skill level 5 in Invocations
 11466 | D:9      | Reached skill level 9 in Fighting
 11613 | D:9      | Found a bloodstained altar of Trog.
 11730 | D:9      | Noticed a two-headed ogre
 11782 | D:9      | Killed a two-headed ogre
 11782 | D:9      | Reached ***** piety under Okawaru
 11968 | D:9      | Reached skill level 10 in Maces & Flails
 11968 | D:9      | Reached XP level 11. HP: 68/71 MP: 14/14
 12243 | D:9      | Reached skill level 5 in Evocations
 12608 | D:9      | Noticed a two-headed ogre
 12651 | D:9      | Killed a two-headed ogre
 12878 | D:9      | Received a gift from Okawaru
 12952 | D:9      | Noticed Prince Ribbit
 12963 | D:9      | Killed Prince Ribbit
 13102 | D:9      | Found a sacrificial altar of Ru.
 13102 | D:9      | Identified the ring "Geatihakomu" {Ice Fly rPois Str+9
                  | Dex-3}
 13131 | D:9      | Found a stormy altar of Qazlal.
 13131 | D:9      | Noticed a boulder beetle
 13152 | D:9      | Killed a boulder beetle
 13397 | D:9      | Reached skill level 10 in Fighting
 13679 | D:10     | Entered Level 10 of the Dungeon
 13679 | D:10     | Found Zuolex's Jewellery Boutique.
 13683 | D:10     | Bought the amulet "Toodiv" {rC+ Regen+ Stlth+} for 608 gold
                  | pieces
 13708 | D:10     | Found a staircase to the Orcish Mines.
 13798 | D:10     | Found an ancient bone altar of Kikubaaqudgha.
 13873 | D:10     | Found a staircase to the Lair.
 14108 | D:10     | Found a burning altar of Makhleb.
 14258 | D:10     | Found a portal to a secret trove of treasure.
 14707 | D:11     | Noticed a boulder beetle
 14725 | D:11     | Killed a boulder beetle
 14726 | D:11     | Reached XP level 12. HP: 70/78 MP: 16/16
 15055 | D:11     | Found Intit's Jewellery Shoppe.
 15552 | Lair:1   | Entered Level 1 of the Lair of Beasts
 15559 | Lair:1   | Received a gift from Okawaru
 15699 | Lair:1   | Noticed a six-headed hydra
 15712 | Lair:1   | Killed a six-headed hydra
 15713 | Lair:1   | Reached skill level 11 in Fighting
 15838 | Lair:1   | Noticed a death yak
 15839 | Lair:1   | Noticed a death yak
 15839 | Lair:1   | Noticed a death yak
 15839 | Lair:1   | Noticed a death yak
 15871 | Lair:1   | Noticed a death yak
 15882 | Lair:1   | Killed a death yak
 15912 | Lair:1   | Killed a death yak
 15945 | Lair:1   | Killed a death yak
 15990 | Lair:1   | Killed a death yak
 16006 | Lair:1   | Killed a death yak
 16037 | Lair:1   | Noticed Fannar
 16055 | Lair:1   | Reached ****** piety under Okawaru
 16081 | Lair:1   | Killed Fannar
 16294 | Lair:1   | Reached XP level 13. HP: 78/84 MP: 18/18
 16301 | Lair:1   | Reached skill level 10 in Armour
 16307 | Lair:1   | Reached skill level 10 in Shields
 16883 | Lair:2   | Identified the +1 plate armour "Xunyeriun" {Contam rC+
                  | rN+++} (Okawaru gifted it to you on level 2 of the Lair of
                  | Beasts)
 16883 | Lair:2   | Received a gift from Okawaru
 17076 | Lair:2   | Found a hole to the Spider Nest.
 17446 | Lair:2   | Reached skill level 12 in Fighting
 17558 | Lair:3   | Found a gate leading to a gauntlet.
 17576 | Gauntlet | Entered a Gauntlet
 17576 | Gauntlet | Found a transporter.
 17579 | Gauntlet | Found a transporter.
 17583 | Gauntlet | Found a transporter.
 17589 | Gauntlet | Found a runed translucent gate.
 17591 | Gauntlet | Found a transporter.
 17592 | Gauntlet | Found a runed translucent gate.
 17593 | Gauntlet | Found a runed translucent gate.
 17595 | Gauntlet | Found a transporter.
 17606 | Gauntlet | Found a transporter.
 17607 | Gauntlet | Found a transporter.
 17618 | Gauntlet | Found a transporter.
 17619 | Gauntlet | Found a transporter.
 17627 | Gauntlet | Found a transporter.
 17648 | Gauntlet | Found a transporter.
 17660 | Gauntlet | Found a transporter.
 17672 | Gauntlet | Found a transporter.
 17685 | Gauntlet | Found a transporter.
 18127 | Gauntlet | Noticed a minotaur
 18143 | Gauntlet | Killed a minotaur
 18202 | Lair:3   | Noticed Sonja
 18212 | Lair:3   | Killed Sonja
 18661 | Lair:3   | Found a staircase to the Shoals.
 19360 | Lair:4   | Noticed Urug
 19373 | Lair:4   | Killed Urug
 19373 | Lair:4   | Identified the +0 cloak "Kapurobb" {rC+} (Okawaru gifted it
                  | to you on level 4 of the Lair of Beasts)
 19373 | Lair:4   | Received a gift from Okawaru
 19529 | Lair:4   | Gained mutation: Your large and strong wings let you fly.
                  | [Gargoyle growth]
 19529 | Lair:4   | Reached XP level 14. HP: 70/92 MP: 20/20
 19628 | Lair:4   | HP: 3/92 [komodo dragon (17)]
 20698 | Lair:5   | Found the +0 mask of the Dragon {Will+ Slay+3 SInv}
 20930 | Lair:5   | Reached skill level 13 in Fighting
 21403 | Lair:6   | Entered Level 6 of the Lair of Beasts
 21593 | Lair:6   | Identified the +2 pair of gloves of Somewhere Else {Harm
                  | *Slow Will+ Stlth+} (Okawaru gifted it to you on level 6 of
                  | the Lair of Beasts)
 21593 | Lair:6   | Received a gift from Okawaru
 21765 | Lair:6   | Found the +8 longbow "Zephyr" {speed, Dex+3 SInv}
 21772 | Lair:6   | Identified the +2 arbalest of Immorality {elec, Will+}
 22031 | Lair:6   | Found a viscous altar of Jiyva.
 22031 | Lair:6   | Found a staircase to the Slime Pits.
 22857 | Orc:1    | Entered Level 1 of the Orcish Mines
 23131 | Orc:2    | Entered Level 2 of the Orcish Mines
 23235 | Orc:2    | Found Ocerez's Book Shop.
 23240 | Orc:2    | Found a staircase to the Elven Halls.
 23855 | Orc:2    | Found Udwuno's Book Shoppe.
 23855 | Orc:2    | Found Yppecw's Weapon Emporium.
 23855 | Orc:2    | Found Gaimyll's Jewellery Emporium.
 23858 | Orc:2    | Found Bofuw's Antique Armour Shoppe.
 23914 | Orc:2    | Reached XP level 15. HP: 97/99 MP: 22/22
 24041 | Orc:2    | Noticed Maurice
 24057 | Orc:2    | Killed Maurice
 24057 | Orc:2    | Identified the +6 morningstar "Zikizeef" {vorpal, MP+9
                  | Int+2} (Okawaru gifted it to you on level 2 of the Orcish
                  | Mines)
 24057 | Orc:2    | Received a gift from Okawaru
 24375 | D:11     | Bought the ring of Dutwir {rN+ Dex+6} for 906 gold pieces
 24503 | D:12     | Reached skill level 10 in Invocations
 24860 | D:13     | Reached skill level 1 in Dodging
 24889 | D:13     | Found Ytops's Antique Weapon Emporium.
 25696 | D:14     | Reached skill level 14 in Fighting
 26015 | D:14     | Found a gate to the Vaults.
 26249 | D:14     | Identified the +0 pair of boots "Luagoonu" {rElec MP+9
                  | Str+7 Int-2} (Okawaru gifted it to you on level 14 of the
                  | Dungeon)
 26249 | D:14     | Received a gift from Okawaru
 26579 | D:15     | Entered Level 15 of the Dungeon
 26776 | D:15     | Reached skill level 5 in Dodging
 27312 | D:15     | Found a staircase to the Depths.
 27934 | Spider:1 | Entered Level 1 of the Spider Nest
 27975 | Spider:1 | Noticed an emperor scorpion
 28004 | Lair:2   | Killed an emperor scorpion
 28126 | Spider:1 | Noticed an emperor scorpion
 28171 | Spider:1 | Killed an emperor scorpion
 28464 | Spider:1 | Reached XP level 16. HP: 56/107 MP: 23/23
 28582 | Spider:1 | Reached skill level 15 in Fighting
 28697 | Spider:1 | Received a gift from Okawaru
 29996 | Spider:2 | Received a gift from Okawaru
 30580 | Spider:2 | Reached skill level 10 in Evocations
 30965 | Spider:2 | Noticed Nikola
 30987 | Spider:2 | Killed Nikola
 31228 | Spider:2 | Reached skill level 16 in Fighting
 31346 | Spider:2 | Reached skill level 10 in Dodging
 31603 | Spider:3 | Received a gift from Okawaru
 31620 | Spider:3 | HP: 3/111 [jumping spider (11)]
 31702 | Spider:3 | Noticed Agnes
 31726 | Spider:2 | Killed Agnes
 32340 | Spider:3 | Reached XP level 17. HP: 116/116 MP: 24/24
 32476 | Spider:4 | Entered Level 4 of the Spider Nest
 32666 | Spider:4 | Reached skill level 17 in Fighting
 32724 | Spider:4 | Identified the +1 robe of Impressiveness {Contam rPois
                  | rCorr Stlth-} (Okawaru gifted it to you on level 4 of the
                  | Spider Nest)
 32724 | Spider:4 | Received a gift from Okawaru
 32799 | Spider:4 | Blown up by an orb spider

Illustrated notes

Levels and vault maps discovered:
D:1:      dpeg_arrival_round_a, layout_rooms, basic_ecumenical_altar,
          nicolae_grassy_gnolls
D:2:      layout_loops_cross, nicolae_concentric_dashed_squares_wild,
          item_on_display_b
D:3:      layout_basic, chequers_jeans
D:4:      minmay_bubble_buster, layout_cave_pools,
          mainiacjoe_overflow_six_doors_small, serial_undead, serial_undead_a,
          serial_undead_b, serial_undead_b, serial_undead_c, serial_undead_a
D:5:      layout_basic, minmay_temple_entry_statues_pillars,
          gammafunk_ghost_abyssal_escape, kennysheep_generic_room_4,
          uniq_edmund, uniq_ijyb
D:6:      layout_basic, regret_index_temple_of_mockery,
          mainiacjoe_overflow_concentric_impassable,
          nicolae_ossuary_entry_monument, ebering_ghost_inner_flame,
          hangedman_decor_clover_reticule, lightli_corner_chamber,
          uniq_menkaure, uniq_eustachio, uniq_grinder
D:7:      layout_rooms, lemuel_crystal_altar
D:8:      layout_loops_ring, nicolae_sif_muna_condensation,
          mainiacjoe_overflow_divided_tiny, chequers_serial_rivers_small_a
D:9:      kb_forest_paths, layout_loops_ring, mainiacjoe_overflow_24_doors,
          mainiacjoe_overflow_two_lobes, grunt_decor_clamped, glass_columns_b,
          minmay_misc_feat_four_crosses, uniq_grum, uniq_prince_ribbit1
D:10:     minmay_evil_eye, layout_basic, marbit_many_paths,
          general_overflow_altar, lair_entry_dummy, serial_shops,
          nicolae_shop_hallway_stairs, nicolae_trove_entry_free_sample
D:11:     layout_basic, serial_shops, nicolae_shop_statue_plus
D:12:     layout_small_grid, serial_park_tiny_pond
D:13:     layout_basic, serial_shops, nicolae_shop_waterfront
D:14:     layout_loops_cross, skrybe_vaults_entry_preservation,
          chequers_serial_rivers_small_a
D:15:     hangedman_depths_entry_try_elsewhere_first, layout_basic
Temple:   dpeg_three_leaves_temple
Lair:1:   layout_chaotic_city, uniq_fannar
Lair:2:   layout_cave_pods, dummy_spider_entry
Lair:3:   layout_small_grid, elwin_shoals_entry_stream, gauntlet_entry_generic,
          grunt_forest_small_clearings, uniq_sonja
Lair:4:   layout_cave_pods, uniq_urug
Lair:5:   layout_regular_city, lemuel_fruit_fields
Lair:6:   minmay_lair_end_frog_pond, layout_cellular_growth, slime_altar_1,
          lemuel_fruit_fields, serial_bayou_shore_b
Spider:1: nicolae_spider_hilbert_zone_2 [nicolae_spider_hilbert_4_sides_1_open,
          nicolae_spider_hilbert_4_sides_1_open,
          nicolae_spider_hilbert_4_sides_1_open,
          nicolae_spider_hilbert_4_sides_1_open,
          nicolae_spider_hilbert_6_sides_1_open,
          nicolae_spider_hilbert_6_sides_1_open,
          nicolae_spider_hilbert_3_sides_1_open,
          nicolae_spider_hilbert_3_sides_1_open,
          nicolae_spider_hilbert_3_sides_1_open,
          nicolae_spider_hilbert_3_sides_1_open,
          nicolae_spider_hilbert_6_sides_1_open,
          nicolae_spider_hilbert_6_sides_1_open,
          nicolae_spider_hilbert_6_sides_1_open,
          nicolae_spider_hilbert_6_sides_1_open]
Spider:2: layout_chambers, uniq_nikola
Spider:3: layout_spider_delve, uniq_agnes
Spider:4: spider_rune_water, hangedman_spider_tarantella_strand
Orc:1:    layout_caves
Orc:2:    st_orc_mages, layout_diamond_mine, serial_shops, shop, uniq_maurice

Skill      XL: |  1  2  3  4  5  6  7  8  9 10 11 12 13 14 15 16 17 |
---------------+----------------------------------------------------+-----
Maces & Flails | 3 4 5 7 8 9 10 11 12 13 14 | 14.0
Fighting       | 4 5 6 7 8 9 10 11 12 13 14 16 17 | 17.1
Armour         | 4 5 6 8 9 11 12 | 12.4
Shields        | 4 5 6 8 9 11 12 | 12.4
Invocations    | 1 3 5 6 7 8 9 10 | 10.0
Evocations     | 1 3 4 5 6 8 10 | 10.0
Dodging        | 6 11 | 11.9

Action                   |  1- 3 |  4- 6 |  7- 9 | 10-12 | 13-15 | 16-18 || total
-------------------------+-------+-------+-------+-------+-------+-------++-------
Melee: Flail             |    62 |     9 |   314 |   879 |  1578 |   701 ||  3543
       Whip              |    87 |   364 |    51 |       |       |       ||   502
       Mace              |       |       |       |    10 |   103 |       ||   113
       Morningstar       |       |       |       |       |   318 |    35 ||   353
Throw: Boomerang         |       |       |       |     4 |       |       ||     4
Invok: Heroism           |       |       |     5 |     5 |     9 |     7 ||    26
       Finesse           |       |       |       |       |       |     2 ||     2
Evoke: Wand              |       |       |       |     6 |     8 |     6 ||    20
  Use: Potion            |       |       |     4 |       |     1 |     2 ||     7
       Scroll            |       |       |     1 |     9 |    15 |       ||    25
Armor: Chain mail        |    99 |   246 |   231 |    16 |       |       ||   592
       Plate armour      |       |       |       |   469 |  1002 |   531 ||  2002
Dodge: Dodged            |    52 |   132 |   167 |   351 |   688 |   470 ||  1860
Block: Buckler           |    20 |    81 |    70 |   248 |   718 |   398 ||  1535
